 Dungeon Crawl Stone Soup version 0.31-a0-949-g57150269e1 (webtiles) character file.

Game seed: 17534359039211729975

182 Xavori the Trooper (level 5, -5/42 HPs)
             Began as a Mummy Chaos Knight on Oct 22, 2023.
             Was a Plaything of Xom.
             Slain by a harpy (shapeshifter) (12 damage)
             ... on level 5 of the Dungeon.
             The game lasted 00:04:32 (8892 turns).

Xavori the Trooper (Mummy Chaos Knight)             Turns: 8892, Time: 00:04:33

Health: -5/42      AC:  6    Str: 17      XL:     5   Next: 35%
Magic:  5/5        EV: 16    Int: 11 (12) God:    Xom [*.....]
Gold:   1323       SH:  0    Dex:  9 (11) Spells: 4/4 levels left

rFire   x . .        a - +0 mace (chaos)
rCold   + . .        (no shield)
rNeg    + + +        b - +2 leather armour
rPois   ∞            l - +0 helmet
rElec   .            (no cloak)
rCorr   .            (no gloves)
SInv    .            (no boots)
Will    .....        g - amulet of the acrobat Stlth
                     m - +5 ring of evasion
HPRegen 0.27/turn    (no ring)
MPRegen 0.09/turn

%: acrobat, faith
@: confused
A: cold resistance 1, negative energy resistance 3, torment resistance 2, heat
vulnerability 1, in touch with death 1, no potions, faith
a: Renounce Religion


You were on level 5 of the Dungeon.
You worshipped Xom.
You were a special plaything of Xom.
You visited 1 branch of the dungeon, and saw 6 of its levels.

You collected 1323 gold pieces.

Inventory:

Hand Weapons
 a - a +0 mace of chaos (weapon)
Armour
 b - a +2 leather armour (worn)
 l - a +0 helmet (worn)
Jewellery
 g - an amulet of the acrobat (around neck)
 h - a ring of ice
 m - a +5 ring of evasion (left hand)
Wands
 j - a wand of roots (5)
 k - a wand of charming (3)
Scrolls
 c - a scroll of butterflies
 d - a scroll of amnesia {unknown}
 e - 2 scrolls of teleportation
 f - 5 scrolls of identify {unknown}
 i - 2 scrolls of noise {unknown}
 n - a scroll of vulnerability {unknown}
 o - a scroll of poison {unknown}


   Skills:
 + Level 4.0 Fighting
 + Level 3.1 Maces & Flails
 + Level 2.5 Armour
 + Level 2.0 Dodging
 + Level 1.0 Evocations


You had 4 spell levels left.
You didn't know any spells.
Your spell library was empty.

Dungeon Overview and Level Annotations

Branches:
Dungeon (6/15)
 Temple: D:4-7

Altars:

Annotations:
D:3 2 transporters
D:4 2 transporters, Scrimshaw's ghost, amateur OpSh


Innate Abilities, Weirdness & Mutations

You are immune to poison.
Your flesh is cold resistant. (rC+)
You are immune to negative energy. (rN+++)
You are immune to unholy pain and torment.
You are vulnerable to heat. (rF-)
You are in touch with the powers of death.
You do not drink.
You have a special connection with the divine. (Faith)


Message History

There is an open door here.
There is a large open door here.
There is a large open door here.
There is a large open door here.
f - 5 scrolls labelled EJAOPS CEJUUD (gained 1) Partly explored, unvisited transporter.
There is a stone staircase leading down here.
You climb downwards.
Xom's power touches on a nearby monster.
The scorpion changes into a shapeshifter!
The shapeshifter changes into a meliai!
The adder bites you but does no damage. The adder closely misses you.
There is a stone staircase leading up here.
You can't drink.
You miss the meliai. The meliai hits you. The meliai barely misses you.
The adder closely misses you. The meliai misses you. The meliai stings you.
The adder bites you but does no damage.
You sock the meliai!
The meliai seems to speed up.
The meliai is moderately wounded.
The meliai closely misses you. The meliai stings you! The meliai hits you.
The meliai stings you. The meliai hits you. The meliai misses you.
The adder bites you but does no damage. The meliai closely misses you.
The meliai stings you.
Unknown command.
You closely miss the meliai.
The meliai is moderately wounded.
The meliai closely misses you. The meliai misses you. The meliai hits you!
* * * LOW HITPOINT WARNING * * *
The meliai stings you but does no damage.
The adder bites you but does no damage. The meliai barely misses you.
The meliai misses you. The adder closely misses you. The meliai misses you. x2
You hit the meliai but do no damage. Your punch misses the meliai.
The meliai is moderately wounded.
The meliai changes into a harpy!
The adder bites you but does no damage.
You barely miss the harpy. "Heh heh heh..."
You are confused.
The harpy claws you!
You die...
Xom roars with laughter!

#### #>S##
+..@# #.H.#
........
#+#........
#....#.....
#..#...###.
#..###..
... ##


You could see a harpy shaped shifter and an adder.

Vanquished Creatures
  An orc priest (D:4)
  An adder (D:2)
  A river rat (D:2)
  7 orcs
  7 bats
  5 endoplasms
  8 goblins
  9 hobgoblins
  10 jackals
  5 kobolds
  3 ball pythons
  5 frilled lizards
  6 rats
68 creatures vanquished.

Vanquished Creatures (others)
  Grinder (D:3)
1 creature vanquished.

Grand Total: 69 creatures vanquished

Notes
Turn   | Place    | Note
-------+----------+-------------------------------------------
     0 | D:1      | Xavori the Mummy Chaos Knight began the quest for the Orb.
     0 | D:1      | Reached XP level 1. HP: 18/18 MP: 1/1
   118 | D:1      | Reached skill level 1 in Dodging
   229 | D:1      | XOM: divination: magic mapping
   233 | D:1      | Reached XP level 2. HP: 24/24 MP: 2/2
   449 | D:1      | XOM: enchant monster (good)
   752 | D:2      | XOM: noise
   823 | D:2      | XOM is BORED!
   823 | D:2      | XOM: polymorph jackal -> river rat
   826 | D:2      | XOM: summons 1 hostile demon
   837 | D:2      | Reached XP level 3. HP: 18/29 MP: 3/3
   925 | D:2      | XOM: smoke on damage
  1054 | D:2      | XOM: noise
  1272 | D:2      | XOM: stat loss: -1 Str (16/17)
  1516 | D:1      | XOM: noise
  2053 | D:1      | XOM: scenery: summon butterflies
  2656 | D:1      | XOM: god gift: 52 gold pieces
  2921 | D:1      | XOM: god gift: scroll labelled SELAPRASHROA {god gift}
  3082 | D:1      | XOM: 3-stop teleportation journey
  3294 | D:1      | XOM: god gift: long bone wand {god gift}
  3346 | D:1      | XOM: scenery: summon butterflies
  3959 | D:1      | XOM: god gift: scroll labelled YMNIVV QALO {god gift}
  3963 | D:1      | Identified a scroll of acquirement
  3963 | D:1      | Acquired 1024 gold pieces
  5095 | D:1      | XOM: summons 2 hostile demons
  5096 | D:1      | Noticed a chaos spawn
  5154 | D:2      | XOM: summons 2 hostile demons
  5155 | D:2      | Noticed an ice devil
  5349 | D:1      | XOM: summons 4 hostile shadow creatures
  5495 | D:2      | XOM: divination: detect items
  5543 | D:1      | XOM: summons 1 hostile shadow creature
  5947 | D:1      | XOM: god gift: wand of charming (3)
  6418 | D:1      | XOM: summons 1 hostile shadow creature
  6466 | D:3      | XOM is BORED!
  6466 | D:3      | XOM: 11-stop teleportation journey
  6581 | D:3      | XOM: summons 2 hostile demons
  6582 | D:3      | Noticed a soul eater
  6848 | D:3      | XOM: god gift: marble ring {god gift}
  6981 | D:3      | Reached XP level 4. HP: 35/35 MP: 4/4
  7033 | D:3      | Noticed a black bear
  7041 | D:3      | Found a transporter.
  7052 | D:3      | Found a transporter.
  7053 | D:3      | XOM: 7-stop teleportation journey
  7216 | D:3      | XOM: god gift: short sword {god gift}
  7219 | D:3      | Noticed Grinder
  7220 | D:3      | Paralysed by Grinder for 5 turns
  7227 | D:3      | XOM: scenery: summon butterflies
  7228 | D:3      | Killed Grinder
  7228 | D:3      | XOM: divine lightning
  7401 | D:3      | XOM: 1-stop teleportation journey
  7429 | D:3      | XOM: silly message
  7444 | D:3      | XOM: summons 1 hostile demon
  7533 | D:4      | Reached XP level 5. HP: 42/42 MP: 5/5
  7537 | D:4      | Found a transporter.
  7537 | D:4      | Found a transporter.
  7537 | D:4      | Noticed an ogre
  7537 | D:4      | Noticed Scrimshaw's ghost (amateur OpSh)
  7537 | D:4      | Noticed an ogre
  7537 | D:4      | XOM: 1-stop teleportation journey
  7538 | D:4      | You fall into a shaft and drop 2 floors!
  7541 | D:5      | Entered Level 5 of the Dungeon
  7577 | D:5      | XOM: noise
  7579 | D:5      | XOM: polymorph hound -> scorpion
  7601 | D:4      | Reached skill level 1 in Evocations
  7779 | D:4      | XOM: summons 1 hostile shadow creature
  7826 | D:4      | a dart slug changed into a shapeshifter
  7826 | D:4      | Noticed a shapeshifter (shapeshifter)
  7826 | D:4      | a shapeshifter changed into a salamander
  7826 | D:4      | Noticed a salamander (shapeshifter)
  7828 | D:4      | XOM: butterfly on damage
  7829 | D:4      | HP: 2/42 [salamander (shapeshifter) (12)]
  7914 | D:4      | XOM: stat loss: -1 Int (11/12)
  8119 | D:4      | XOM: summons 3 hostile demons
  8211 | D:4      | XOM: silly message
  8276 | D:4      | XOM: summons 1 hostile demon
  8366 | D:4      | Noticed an ogre
  8366 | D:4      | Noticed a rime drake
  8368 | D:4      | a rime drake changed into a tengu
  8368 | D:4      | Noticed a tengu (shapeshifter)
  8478 | D:4      | Noticed a guardian serpent
  8604 | D:4      | Reached skill level 4 in Fighting
  8887 | D:5      | a scorpion changed into a shapeshifter
  8887 | D:5      | Noticed a shapeshifter (shapeshifter)
  8887 | D:5      | XOM: polymorph scorpion -> shapeshifter
  8887 | D:5      | a shapeshifter changed into a meliai
  8887 | D:5      | Noticed a meliai (shapeshifter)
  8891 | D:5      | a meliai changed into a harpy
  8891 | D:5      | Noticed a harpy (shapeshifter)
  8892 | D:5      | XOM: confusion
  8892 | D:5      | Slain by a harpy (shapeshifter)

Illustrated notes

Levels and vault maps discovered:
D:1:      grunt_arrival_lava_bath, layout_loops_cross, nicolae_the_louvre
D:2:      layout_loops_ring
D:3:      layout_loops_cross, gammafunk_temple_overflow_arena,
          hangedman_decor_growths, uniq_grinder
D:4:      layout_basic, gammafunk_ghost_smash
D:5:      layout_basic, minmay_misc_feat_pillars, uniq_blork_the_orc
D:6:      layout_layer_cave, xom_teletrap_fun, nicolae_vehumet_altar_sigil,
          minmay_misc_feat_columns

Skill      XL: |  1  2  3  4  5 |
---------------+----------------+-----
Dodging        | 1 2 |  2.0
Armour         | 2 |  2.5
Maces & Flails | 3 |  3.1
Evocations     | 1 |  1.0
Fighting       | 4 |  4.0

Action                     |  1- 3 |  4- 6 || total
---------------------------+-------+-------++-------
  Melee: Mace              |   139 |   146 ||   285
         Punch             |     2 |       ||     2
    Use: Scroll            |     2 |     1 ||     3
   Stab: Petrified         |     3 |       ||     3
         Petrifying        |     1 |     1 ||     2
 Armour: Leather armour    |   105 |    87 ||   192
  Dodge: Dodged            |   112 |   168 ||   280

Table legend: (Time is in decaauts)
 A = Elapsed time spent in this place.
 B = Non-inter-level travel time spent in this place.
 C = Inter-level travel time spent in this place.
 D = Time resting spent in this place.
 E = Time spent auto-exploring this place.
 F = Levels seen in this place.
 G = Mean time per level.
                   A        B        C        D        E       F      G
               +--------+--------+--------+--------+--------+-----+--------+
         Total |   8970 |   8802 |    168 |   5870 |   2095 |   6 | 1495.0 |
       Dungeon |   8970 |   8802 |    168 |   5870 |   2095 |   6 | 1495.0 |
               +--------+--------+--------+--------+--------+-----+--------+

Top non-repeatable levels by time:
     D:1: 5452 daAuts
     D:4: 1360 daAuts
     D:2: 1232 daAuts
     D:3: 887 daAuts
     D:5: 35 daAuts
     D:6: 2 daAuts
